cohdb
Replays
Latest Replays
All Replays
Popular Replays
Top Player Replays
Match Explorer
How It Works
Community
CoH3 Stats
Reddit
Sign in to upload your games and track your stats! →
Sign in with Steam
Match 44341168
Unlisted
Match 44341168
Overview
Messages
Build Orders
End
Construct Infanterie Kompanie
Pioneer Squad
Grenadier Squad
Grenadier Squad
Grenadier Squad
Infanterie Officer Quarters
Construct Panzergrenadier Kompanie
251 Medium Carrier
251 Medium Carrier
Selects Mechanized Battlegroup
Selects Mechanized Battlegroup
Selects Mobile Repair Stations
Selects Raid Package
MG 42 Machine Gun Team
Selects StuG Assault Group
StuG Assault Group
Construct Panzer Kompanie
Construct Panzer Kompanie
Pioneer Squad
GrW 34 Mortar Team
Selects Wespe Self-propelled Artillery
Panzer IV Medium Tank
Panzer IV Medium Tank
Panzer Officer Quarters
Side Skirts
Antonslayer
P0ort13
Leiarde
STALKER4732
SoyaLors
Devochkin
0
0
Comments
sign in to comment!
No comments posted yet!